 Dungeon Crawl Stone Soup version 0.30.0-10-gfe55d96785 (webtiles) character file.

Game seed: 12493809153461233097

27648 qw the Cleaver (level 13, -4/82 HPs)
             Began as a Gargoyle Cinder Acolyte on May 16, 2023.
             Was an Elder of Okawaru.
             Slain by a balrug
             ... wielding a +2 demon whip of venom
              (22 damage)
             ... in a Gauntlet.
             The game lasted 00:07:26 (11469 turns).

qw the Cleaver (Gargoyle Cinder Acolyte)           Turns: 11469, Time: 00:07:27

Health: -4/82      AC: 30    Str: 23    XL:     13   Next: 33%
Magic:  16/18      EV:  7    Int: 15    God:    Okawaru [****..]
Gold:   797        SH: 12    Dex:  5    Spells: 14/14 levels left

rFire   . . .        m - +0 war axe (vamp)
rCold   . . .        g - +0 kite shield
rNeg    + . .        r - +1 plate armour
rPois   inf          (no helmet)
rElec   +            (no cloak)
rCorr   .            (no gloves)
SInv    .            (no boots)
Will    .....        o - amulet of regeneration Stlth
                     j - +4 ring of protection
HPRegen 1.13/turn    a - +4 ring of slaying {mikee}
MPRegen 0.16/turn

%: no teleportation
@: heroic, fire susceptible
A: sickness immunity, AC +9, negative energy resistance 1, electricity
resistance, torment resistance 1, petrification resistance
a: Renounce Religion, Heroism, Finesse


You were in a Gauntlet.
You worshipped Okawaru.
Okawaru was greatly pleased with you.
You visited 3 branches of the dungeon, and saw 15 of its levels.
You also visited: Gauntlet.

You collected 923 gold pieces.
You spent 126 gold pieces at shops.


Innate Abilities, Weirdness & Mutations

You are immune to sickness and miasma.
Your stone body is resilient. (AC +9)
You are immune to poison.
You resist negative energy. (rN+)
You are resistant to electric shocks. (rElec)
You are resistant to unholy torment.
You are immune to petrification.


   Skills:
 - Level 10.0(15.0) Fighting
 + Level 13.9(18.9) Axes
 - Level 1.2(6.2) Throwing
 - Level 8.3(13.3) Armour
 - Level 1.0(6.0) Dodging
 - Level 11.0(16.0) Shields
 - Level 1.0 Spellcasting
 - Level 3.0 Fire Magic
 + Level 6.9 Invocations


You had 14 spell levels left.
You didn't know any spells.
Your spell library contained the following spells:

 Spells                   Type           Power      Damage    Failure   Level
 Scorch                   Fire           18%        2d6       83%         2

Inventory:

Hand Weapons
 b - a -1 hand axe of flaming
 m - a +0 vampiric war axe (weapon)
Armour
 g - a +0 kite shield (worn)
 r - a +1 plate armour (worn)
Jewellery
 a - a +4 ring of slaying (right hand) {mikee}
 j - a +4 ring of protection (left hand)
 o - an amulet of regeneration (around neck)
Scrolls
 d - a scroll of brand weapon
 k - a scroll of identify
Potions
 c - a potion of cancellation
 e - 4 potions of might
 f - 3 potions of curing
 h - 3 potions of resistance
 i - 5 potions of haste
 n - a potion of mutation

Dungeon Overview and Level Annotations

Branches:
Dungeon (10/15)            Temple (1/1) D:6            Lair (4/5) D:10
 Shoals (0/4) Lair:3       Spider (0/4) Lair:2          Orc (0/2) D:10
Gauntlet (1/1)
  Slime: Lair:4-5

Altars:
Ashenzari
Cheibriados
Dithmenos
Elyvilon
Fedhas
Gozag
Hepliaklqana
Kikubaaqudgha
Makhleb
Nemelex Xobeh
Okawaru
Qazlal
Ru
Sif Muna
Trog
Uskayaw
Vehumet
Wu Jian
Xom
Yredelemnul
Zin
The Shining One

Shops:
D:4 [

Annotations:
Gauntlet 9 transporters, 21 runed translucent doors


Message History

Partly explored, unvisited transporter.
11454 ||| DROPPING +2 chain mail of willpower.
You drop a +2 chain mail of willpower.
Partly explored, unvisited transporter.
There is a transporter here.
Partly explored, unvisited transporter.
You enter the transporter and appear at another place.
Partly explored, unvisited transporter.
There is a transporter here.
Partly explored, unvisited transporter.
You enter the transporter and appear at another place.
The balrug shouts!
A balrug is nearby!
The balrug gestures at you.
The fireball explodes!
The fireball engulfs you!! The balrug gestures at you. Something smites you!
11463 ||| INVOKING Heroism.
You gain the combat prowess of a mighty hero.
The balrug gestures at you. Something smites you! The balrug gestures at you.
The sticky flame hits you but does no damage.
You are covered in liquid flames!
You are covered in liquid flames!
The balrug enters a dispersal trap!
You blink.
The balrug blinks!
You are covered in liquid flames!
You are no longer on fire.
You slash the balrug!
The balrug is lightly wounded.
The balrug gestures at you. Something smites you!
You hit the balrug.
The balrug is moderately wounded.
You block the balrug's attack.
You slice the balrug!!
The balrug is heavily wounded.
The balrug hits you with a +2 demon whip of venom!
You are engulfed in flames!!
You die...

....¤8~...........~8~........\...
.....~.¤...........~.............
####...###########...###########.
+..#...#2........#...#.........#.
+..#...#.^^###^..#...#..##.##..#.
#++#####[...#..^.#####.#..#..#.#.
+..#...#[#..#..#.#...#/#..#^%#.#.
#.^#^.^#^.######.#^.^#^.#####..#^
+..#...#.#..#^.#@#...#.#..#..#.#.
#++#####?...#...2#####[#..#..#.#.
+..#...#.^^###^..#...#..##.##..#.
+..#.8.#.........#.8.#.........#.
####...###########...###########.
.................................
.................................
#################################
8# #8# #8# #8# #8# #8# #8# #8# #8


You could see a balrug.

Vanquished Creatures
  A hydra (Lair:4)
  A death scarab (Gauntlet)
  2 two-headed ogres
  A boulder beetle (Lair:2)
  2 death yaks (Lair:1)
  Nergalle (D:10)
  A spectral death yak (Gauntlet)
  A skyshark (Lair:4)
  2 harpies (Lair:3)
  A black mamba (Lair:2)
  A torpor snail (Lair:1)
  19 elephants
  Maggie (D:7)
  4 cane toads
  6 komodo dragons
  Psyche (D:8)
  A kobold demonologist (D:9)
  2 rime drakes
  A troll (D:10)
  A polar bear (Lair:1)
  A hornet (D:8)
  3 blink frogs (Lair:2)
  Sigmund (D:3)
  4 culicivoras (Lair:2)
  2 yaks (D:10)
  2 steam dragons
  2 basilisks
  3 wyverns
  10 fire elementals
  3 redbacks (Lair:2)
  Menkaure (D:6)
  An acid dragon (D:10)
  6 water moccasins
  2 sky beasts (D:7)
  3 orc warriors
  3 ice beasts
  14 wolves (Lair:2)
  4 centaurs
  3 kobold brigands
  16 bullfrogs
  4 wights (D:9)
  20 killer bees
  A howler monkey (D:7)
  A crimson imp (D:5)
  2 hounds (D:6)
  5 orc priests
  A jelly (D:5)
  2 sleepcaps
  A gnoll bouda (D:6)
  6 iguanas
  11 orc wizards
  A mummy (D:7)
  9 gnolls
  8 adders
  A shadow imp (D:7)
  A white imp (D:5)
  A dart slug (D:4)
  29 orcs
  10 ball pythons
  6 endoplasms
  16 giant cockroaches
  11 goblins
  8 hobgoblins
  8 kobolds
  4 bats
  6 rats
307 creatures vanquished.

Vanquished Creatures (others)
  2 kobolds (D:8)
2 creatures vanquished.

Grand Total: 309 creatures vanquished

Notes
Turn   | Place    | Note
-------+----------+-------------------------------------------
     0 | D:1      | qw the Gargoyle Cinder Acolyte began the quest for the Orb.
     0 | D:1      | Reached XP level 1. HP: 14/14 MP: 2/2
     0 | D:1      | 0 ||| qw: Version: 0.2-a-94-gb5d2a68
     0 | D:1      | 0 ||| qw: Game counter: 60
     0 | D:1      | 0 ||| qw: Always use a shield: true
     0 | D:1      | 0 ||| qw: God list: Okawaru
     0 | D:1      | 0 ||| qw: Allow faded altars: false
     0 | D:1      | 0 ||| qw: Do Orc after D:15 true
     0 | D:1      | 0 ||| qw: Do second Lair branch before Depths: true
     0 | D:1      | 0 ||| qw: Lair rune preference: random
     0 | D:1      | 0 ||| qw: Plans: Normal
     0 | D:1      | 0 ||| PLANNING D:1-11
    50 | D:1      | 50 ||| Stepping ~*~*~tactically~*~*~ (stealth).
   111 | D:1      | Reached skill level 3 in Axes
   141 | D:1      | Reached XP level 2. HP: 14/19 MP: 3/3
   270 | D:1      | 270 ||| Stepping ~*~*~tactically~*~*~ (stealth).
   311 | D:1      | 311 ||| Stepping ~*~*~tactically~*~*~ (stealth).
   675 | D:1      | 675 ||| Stepping ~*~*~tactically~*~*~ (stealth).
   677 | D:1      | 677 ||| Stepping ~*~*~tactically~*~*~ (hiding).
   685 | D:1      | Reached XP level 3. HP: 19/23 MP: 4/4
   731 | D:1      | 731 ||| Stepping ~*~*~tactically~*~*~ (stealth).
   732 | D:1      | 732 ||| Stepping ~*~*~tactically~*~*~ (stealth).
   733 | D:1      | 733 ||| Stepping ~*~*~tactically~*~*~ (stealth).
   795 | D:1      | 795 ||| UPGRADING to +0 leather armour.
   805 | D:1      | 805 ||| DROPPING +0 robe.
   806 | D:1      | 806 ||| READING scroll labelled CYONUSCH PERPHUAGH.
   807 | D:1      | 807 ||| READING scroll labelled QOMEMOGGYHIOS.
   808 | D:1      | 808 ||| READING scroll labelled WEETZIUXTOSCH.
   809 | D:1      | 809 ||| DRINKING 2 fuming clear potions.
   810 | D:1      | 810 ||| DRINKING 2 sapphire potions.
   905 | D:2      | 905 ||| SWAPPING to +0 war axe.
   921 | D:2      | Reached skill level 4 in Axes
  1126 | D:2      | Found a faded altar of an unknown god.
  1257 | D:2      | 1257 ||| UPGRADING to +0 scale mail.
  1267 | D:2      | 1267 ||| DROPPING +0 leather armour.
  1268 | D:2      | 1268 ||| READING scroll labelled HUCOHE ARUFF.
  1269 | D:2      | 1269 ||| READING 3 scrolls labelled LEITSU LOEPOZO.
  1273 | D:2      | 1273 ||| READING 2 scrolls of teleportation.
  1278 | D:2      | 1278 ||| READING scroll of teleportation.
  1281 | D:2      | 1281 ||| READING scroll labelled XYISIGREQIL.
  1282 | D:2      | 1282 ||| READING scroll labelled OTIYS KYSOITAH.
  1283 | D:2      | 1283 ||| DRINKING 2 bubbling red potions.
  1284 | D:2      | 1284 ||| DRINKING 2 viscous ruby potions.
  1298 | D:3      | Found a sacrificial altar of Ru.
  1301 | D:3      | Found a shadowy altar of Dithmenos.
  1301 | D:3      | Found a shimmering blue altar of Sif Muna.
  1319 | D:3      | Found a glowing silver altar of Zin.
  1367 | D:3      | 1367 ||| Stepping ~*~*~tactically~*~*~ (hiding).
  1369 | D:3      | 1369 ||| Stepping ~*~*~tactically~*~*~ (hiding).
  1496 | D:3      | Reached skill level 1 in Armour
  1496 | D:3      | Reached XP level 4. HP: 24/28 MP: 5/5
  1520 | D:3      | 1520 ||| Stepping ~*~*~tactically~*~*~ (stealth).
  1528 | D:3      | 1528 ||| Stepping ~*~*~tactically~*~*~ (stealth).
  1529 | D:3      | 1529 ||| Stepping ~*~*~tactically~*~*~ (stealth).
  1530 | D:3      | 1530 ||| Stepping ~*~*~tactically~*~*~ (stealth).
  1614 | D:3      | 1614 ||| INVOKING Fiery Armour.
  1641 | D:3      | 1641 ||| READING scroll of teleportation.
  1660 | D:3      | Noticed Sigmund
  1673 | D:3      | Killed Sigmund
  1674 | D:3      | Reached skill level 5 in Axes
  1674 | D:3      | Reached XP level 5. HP: 29/32 MP: 6/6
  1674 | D:3      | Reached XP level 6. HP: 33/37 MP: 7/7
  1821 | D:3      | Found a radiant altar of Vehumet.
  1871 | D:3      | Found a broken altar of Ashenzari.
  1879 | D:3      | 1879 ||| DROPPING ring of wizardry.
  1880 | D:3      | 1880 ||| READING scroll labelled RALAL ZUFESO.
  1904 | D:3      | 1904 ||| DRINKING 2 cyan potions.
  1905 | D:3      | 1905 ||| DRINKING 2 bubbling purple potions.
  1906 | D:3      | 1906 ||| DRINKING 2 blue potions.
  1907 | D:3      | 1907 ||| DROPPING potion of invisibility.
  1908 | D:3      | 1908 ||| DROPPING potion of degeneration.
  1932 | D:4      | 1932 ||| INVOKING Fiery Armour.
  1943 | D:4      | 1943 ||| STAIRDANCE
  2049 | D:4      | Found a glowing golden altar of the Shining One.
  2070 | D:4      | Found Ofinipsu's Antique Armour Boutique.
  2079 | D:4      | 2079 ||| SHOPLISTING +8 orange crystal plate armour
                  | {Archmagi, Int+3 Clar} (4046 gold, have 177).
  2079 | D:4      | 2079 ||| BUYING buckler (126 gold).
  2079 | D:4      | Bought a buckler for 126 gold pieces
  2079 | D:4      | 2079 ||| SHOPLISTING chain mail (126 gold, have 51).
  2079 | D:4      | 2079 ||| SHOPLISTING embroidered cloak (210 gold, have 51).
  2079 | D:4      | 2079 ||| SHOPLISTING shiny plate armour (728 gold, have
                  | 51).
  2079 | D:4      | 2079 ||| SHOPLISTING warped chain mail (266 gold, have 51).
  2268 | D:4      | 2268 ||| Stepping ~*~*~tactically~*~*~ (hiding).
  2269 | D:4      | 2269 ||| Stepping ~*~*~tactically~*~*~ (hiding).
  2271 | D:4      | 2271 ||| Stepping ~*~*~tactically~*~*~ (hiding).
  2631 | D:4      | 2631 ||| UPGRADING to +0 buckler.
  2636 | D:4      | 2636 ||| READING 2 scrolls of identify.
  2636 | D:4      | 2636 ||| IDENTIFYING metallic clear potion
  2642 | D:4      | 2642 ||| STAIRDANCE
  2670 | D:4      | 2670 ||| STAIRDANCE
  2890 | D:5      | Entered Level 5 of the Dungeon
  2890 | D:5      | You fall into a shaft and drop 2 floors!
  2891 | D:7      | 2891 ||| PLANNING OSSUARY
  2904 | D:7      | Reached skill level 1 in Shields
  2917 | D:7      | Noticed a water moccasin
  2937 | D:7      | Killed a water moccasin
  2938 | D:7      | Reached skill level 3 in Shields
  2938 | D:7      | Reached XP level 7. HP: 33/43 MP: 8/8
  3042 | D:7      | Reached skill level 6 in Axes
  3083 | D:7      | 3083 ||| INVOKING Fiery Armour.
  3196 | D:7      | 3196 ||| READING scroll of teleportation.
  3259 | D:7      | 3259 ||| INVOKING Fiery Armour.
  3294 | D:7      | Noticed Maggie
  3312 | D:7      | Killed Maggie
  3313 | D:7      | Reached skill level 7 in Axes
  3313 | D:7      | Reached XP level 8. HP: 21/48 MP: 9/9
  3478 | D:7      | 3478 ||| READING scroll of teleportation.
  3584 | D:7      | 3584 ||| INVOKING Fiery Armour.
  3587 | D:7      | Reached skill level 8 in Axes
  3671 | D:7      | 3671 ||| RIP OSSUARY
  3710 | D:7      | 3710 ||| PLANNING D:1-11
  3710 | D:7      | 3710 ||| UPGRADING to +0 chain mail.
  3720 | D:7      | 3720 ||| DROPPING +0 scale mail.
  3721 | D:7      | 3721 ||| DROPPING orb of mayhem.
  3773 | D:6      | Reached skill level 3 in Armour
  3800 | D:6      | 3800 ||| Stepping ~*~*~tactically~*~*~ (hiding).
  3801 | D:6      | 3801 ||| Stepping ~*~*~tactically~*~*~ (hiding).
  3803 | D:6      | 3803 ||| Stepping ~*~*~tactically~*~*~ (hiding).
  3804 | D:6      | 3804 ||| Stepping ~*~*~tactically~*~*~ (hiding).
  3821 | D:6      | 3821 ||| DRINKING potion of curing.
  3821 | D:6      | 3821 ||| (to cure confusion)
  3852 | D:6      | Reached skill level 6 in Fighting
  3925 | D:6      | 3925 ||| Stepping ~*~*~tactically~*~*~ (stealth).
  3926 | D:6      | 3926 ||| READING scroll labelled JUOMPAO AZXEQ.
  3928 | D:6      | 3928 ||| Stepping ~*~*~tactically~*~*~ (stealth).
  4051 | D:6      | 4051 ||| STAIRDANCE
  4103 | D:5      | 4103 ||| READING scroll of teleportation.
  4110 | D:5      | Reached skill level 1 in Throwing
  4349 | D:5      | Found a burning altar of Makhleb.
  4371 | D:5      | Found a shimmering altar of Xom.
  4403 | D:5      | Reached XP level 9. HP: 44/55 MP: 10/10
  4458 | D:5      | Found a white marble altar of Elyvilon.
  4483 | D:5      | 4483 ||| Stepping ~*~*~tactically~*~*~ (stealth).
  4676 | D:5      | 4676 ||| UPGRADING to amulet of regeneration.
  4681 | D:5      | 4681 ||| READING scroll labelled SUSCHA NUKK.
  4682 | D:5      | 4682 ||| READING scroll labelled DEENOI UKHYG.
  4683 | D:5      | 4683 ||| DRINKING 2 sedimented grey potions.
  4708 | D:5      | 4708 ||| DROPPING potion of lignification.
  4758 | D:6      | 4758 ||| STAIRDANCE
  4765 | D:5      | Reached skill level 9 in Axes
  4809 | D:6      | Noticed Menkaure
  4810 | D:6      | 4810 ||| Stepping ~*~*~tactically~*~*~ (hiding).
  4817 | D:6      | Killed Menkaure
  4833 | D:6      | 4833 ||| READING scroll of teleportation.
  4883 | D:6      | 4883 ||| Stepping ~*~*~tactically~*~*~ (hiding).
  4930 | D:6      | 4930 ||| Stepping ~*~*~tactically~*~*~ (stealth).
  5259 | D:6      | Found a staircase to the Ecumenical Temple.
  5261 | D:6      | 5261 ||| Stepping ~*~*~tactically~*~*~ (hiding).
  5264 | D:6      | 5264 ||| Stepping ~*~*~tactically~*~*~ (hiding).
  5282 | D:6      | 5282 ||| INVOKING Fiery Armour.
  5333 | D:6      | 5333 ||| UPGRADING to +0 plate armour.
  5343 | D:6      | 5343 ||| DROPPING +0 chain mail.
  5344 | D:6      | 5344 ||| READING scroll of enchant armour.
  5344 | D:6      | 5344 ||| ENCHANTING +0 plate armour.
  5345 | D:6      | 5345 ||| READING scroll labelled OLAONUCWUDD.
  5514 | D:7      | Found a hazy altar of Hepliaklqana.
  5593 | D:7      | 5593 ||| READING 2 scrolls of identify.
  5593 | D:7      | 5593 ||| IDENTIFYING fizzy cyan potion
  5594 | D:7      | 5594 ||| DROPPING potion of flight.
  5606 | D:8      | 5606 ||| STAIRDANCE
  5631 | D:8      | 5631 ||| STAIRDANCE
  5655 | D:8      | 5655 ||| Stepping ~*~*~tactically~*~*~ (stealth).
  5660 | D:8      | 5660 ||| INVOKING Fiery Armour.
  5680 | D:8      | Noticed a hornet
  5693 | D:8      | Killed a hornet
  5694 | D:8      | Reached skill level 10 in Axes
  5764 | D:8      | Reached XP level 10. HP: 63/63 MP: 11/11
  5767 | D:8      | Reached skill level 6 in Armour
  5771 | D:8      | 5771 ||| READING scroll of teleportation.
  5946 | D:8      | Noticed Psyche
  5947 | D:8      | 5947 ||| DRINKING 2 potions of cancellation.
  5961 | D:8      | Killed Psyche
  5990 | D:8      | Found a stormy altar of Qazlal.
  6109 | D:8      | 6109 ||| UPGRADING to +0 kite shield.
  6119 | D:8      | 6119 ||| DROPPING +0 buckler.
  6154 | D:9      | 6154 ||| Stepping ~*~*~tactically~*~*~ (stealth).
  6155 | D:9      | 6155 ||| Stepping ~*~*~tactically~*~*~ (stealth).
  6157 | D:9      | 6157 ||| Stepping ~*~*~tactically~*~*~ (hiding).
  6159 | D:9      | 6159 ||| Stepping ~*~*~tactically~*~*~ (hiding).
  6160 | D:9      | 6160 ||| Stepping ~*~*~tactically~*~*~ (hiding).
  6208 | D:9      | 6208 ||| Stepping ~*~*~tactically~*~*~ (stealth).
  6305 | D:9      | 6305 ||| Stepping ~*~*~tactically~*~*~ (stealth).
  6442 | D:9      | Noticed a kobold demonologist
  6443 | D:9      | 6443 ||| Stepping ~*~*~tactically~*~*~ (hiding).
  6459 | D:9      | 6459 ||| INVOKING Fiery Armour.
  6463 | D:9      | Noticed a rust devil
  6463 | D:9      | Killed a kobold demonologist
  6464 | D:9      | Reached skill level 6 in Shields
  6517 | D:9      | Noticed a two-headed ogre
  6524 | D:9      | HP: 6/64 [two-headed ogre/+0 giant spiked club (17)]
  6525 | D:9      | 6525 ||| DRINKING 3 potions of heal wounds.
  6528 | D:9      | Killed a two-headed ogre
  6681 | D:9      | 6681 ||| Stepping ~*~*~tactically~*~*~ (stealth).
  6682 | D:9      | 6682 ||| Stepping ~*~*~tactically~*~*~ (stealth).
  6688 | D:9      | 6688 ||| INVOKING Fiery Armour.
  6723 | D:9      | 6723 ||| Stepping ~*~*~tactically~*~*~ (hiding).
  6748 | D:9      | Reached skill level 9 in Shields
  6865 | D:9      | Found a bloodstained altar of Trog.
  7078 | D:9      | 7078 ||| Stepping ~*~*~tactically~*~*~ (stealth).
  7079 | D:9      | 7079 ||| Stepping ~*~*~tactically~*~*~ (hiding).
  7080 | D:9      | 7080 ||| Stepping ~*~*~tactically~*~*~ (hiding).
  7081 | D:9      | 7081 ||| Stepping ~*~*~tactically~*~*~ (hiding).
  7091 | D:9      | Reached skill level 1 in Dodging
  7269 | D:9      | 7269 ||| READING scroll labelled OFUGUI ANGUONE.
  7270 | D:9      | 7270 ||| READING 2 scrolls of identify.
  7270 | D:9      | 7270 ||| IDENTIFYING white potion
  7271 | D:9      | 7271 ||| DROPPING potion of brilliance.
  7303 | D:10     | Entered Level 10 of the Dungeon
  7304 | D:10     | Found a staircase to the Lair.
  7315 | D:10     | Noticed a two-headed ogre
  7323 | D:10     | Killed a two-headed ogre
  7324 | D:10     | Reached XP level 11. HP: 50/68 MP: 12/12
  7399 | D:10     | 7399 ||| READING scroll of teleportation.
  7406 | D:10     | 7406 ||| INVOKING Fiery Armour.
  7406 | D:10     | HP: 17/68 [acid dragon/splash of acid (11)]
  7407 | D:10     | 7407 ||| DRINKING 2 potions of heal wounds.
  7499 | D:10     | Found a staircase to the Orcish Mines.
  7519 | D:10     | Identified the +1 leather armour of Muocea {Harm rC- Str+4
                  | Dex-2}
  7560 | D:10     | 7560 ||| READING scroll of teleportation.
  7615 | D:10     | Noticed Nergalle
  7626 | D:10     | 7626 ||| INVOKING Fiery Armour.
  7633 | D:10     | HP: 8/63 [spectral orc knight/+0 great mace[Nergalle] (9)]
  7634 | D:10     | 7634 ||| DRINKING potion of heal wounds.
  7635 | D:10     | Noticed a spectral orc warlord
  7640 | D:10     | Killed Nergalle
  7641 | D:10     | Reached skill level 11 in Axes
  7759 | D:10     | 7759 ||| Stepping ~*~*~tactically~*~*~ (hiding).
  8008 | D:10     | Found a hide-covered altar of Uskayaw.
  8016 | D:10     | 8016 ||| PLANNING LAIR
  8016 | D:10     | 8016 ||| UPGRADING to +4 ring of protection.
  8017 | D:10     | 8017 ||| READING scroll labelled VOIPPU LIAGU.
  8018 | D:10     | 8018 ||| READING 2 scrolls of identify.
  8018 | D:10     | 8018 ||| IDENTIFYING bubbling black potion
  8019 | D:10     | 8019 ||| DROPPING potion of attraction.
  8067 | Lair:1   | Entered Level 1 of the Lair of Beasts
  8118 | Lair:1   | 8118 ||| INVOKING Fiery Armour.
  8120 | Lair:1   | HP: 16/68 [komodo dragon (12)]
  8414 | Lair:1   | HP: 4/68 [polar bear (15)]
  8415 | Lair:1   | 8415 ||| INVOKING Fiery Armour.
  8491 | Lair:1   | 8491 ||| PLANNING TEMPLE
  8491 | Lair:1   | 8491 ||| UPGRADING to +4 ring of slaying {mikee}.
  8602 | Temple   | Entered the Ecumenical Temple
  8631 | Temple   | 8631 ||| PLANNING OKAWARU WORSHIP
  8756 | Temple   | Fell from the grace of Ignis
  8756 | Temple   | Became a worshipper of Warmaster Okawaru
  8757 | Temple   | 8757 ||| PLANNING LAIR
  8926 | Lair:1   | Noticed a death yak
  8926 | Lair:1   | Noticed a death yak
  8938 | Lair:1   | Killed a death yak
  8939 | Lair:1   | Reached skill level 9 in Fighting
  8956 | Lair:1   | Killed a death yak
  8956 | Lair:1   | Reached * piety under Okawaru
  9002 | Lair:1   | 9002 ||| INVOKING Heroism.
  9014 | Lair:1   | 9014 ||| INVOKING Heroism.
  9018 | Lair:1   | Reached skill level 1 in Invocations
  9164 | Lair:1   | 9164 ||| INVOKING Heroism.
  9230 | Lair:1   | 9230 ||| INVOKING Heroism.
  9424 | Lair:2   | 9424 ||| INVOKING Heroism.
  9426 | Lair:2   | Reached skill level 3 in Invocations
  9470 | Lair:2   | Reached ** piety under Okawaru
  9474 | Lair:2   | Reached XP level 12. HP: 74/76 MP: 14/14
  9713 | Lair:2   | Noticed a boulder beetle
  9714 | Lair:2   | 9714 ||| INVOKING Heroism.
  9717 | Lair:2   | Reached skill level 12 in Axes
  9743 | Lair:2   | 9743 ||| INVOKING Heroism.
  9749 | Lair:2   | Killed a boulder beetle
  9770 | Lair:2   | 9770 ||| READING scroll of teleportation.
  9778 | Lair:2   | 9778 ||| INVOKING Heroism.
  9832 | Lair:2   | 9832 ||| INVOKING Heroism.
  9990 | Lair:2   | 9990 ||| INVOKING Heroism.
 10013 | Lair:2   | Reached *** piety under Okawaru
 10034 | Lair:2   | 10034 ||| INVOKING Heroism.
 10104 | Lair:2   | 10104 ||| DROPPING amulet of magic regeneration.
 10317 | Lair:2   | 10317 ||| READING scroll labelled HYXZOMONKI.
 10373 | Lair:2   | 10373 ||| Stepping ~*~*~tactically~*~*~ (hiding).
 10385 | Lair:2   | 10385 ||| INVOKING Heroism.
 10419 | Lair:2   | Found a hole to the Spider Nest.
 10447 | Lair:2   | You fall into a shaft and drop 2 floors!
 10447 | Lair:4   | Noticed a seven-headed hydra
 10448 | Lair:4   | 10448 ||| INVOKING Heroism.
 10453 | Lair:4   | 10453 ||| SWAPPING to -1 hand axe of flaming.
 10462 | Lair:4   | Killed a one-headed hydra
 10463 | Lair:4   | 10463 ||| SWAPPING to +0 vampiric war axe.
 10504 | Lair:4   | Noticed a skyshark
 10522 | Lair:4   | Killed a skyshark
 10523 | Lair:4   | Reached skill level 13 in Axes
 10580 | Lair:4   | Reached **** piety under Okawaru
 10611 | Lair:4   | 10611 ||| Stepping ~*~*~tactically~*~*~ (stealth).
 10613 | Lair:4   | 10613 ||| Stepping ~*~*~tactically~*~*~ (stealth).
 10642 | Lair:4   | Reached XP level 13. HP: 74/82 MP: 16/16
 10666 | Lair:3   | 10666 ||| PLANNING GAUNTLET
 10695 | Lair:3   | 10695 ||| INVOKING Heroism.
 10699 | Lair:3   | HP: 17/82 [fire elemental[the fiery vengeance of Ignis]
                  | (11)]
 10699 | Lair:3   | HP: 6/82 [fire elemental[the fiery vengeance of Ignis]
                  | (11)]
 10773 | Lair:3   | 10773 ||| READING scroll of teleportation.
 10897 | Lair:3   | Reached skill level 6 in Invocations
 10917 | Lair:3   | Reached ***** piety under Okawaru
 10987 | Lair:3   | 10987 ||| Stepping ~*~*~tactically~*~*~ (stealth).
 10995 | Lair:3   | 10995 ||| Stepping ~*~*~tactically~*~*~ (stealth).
 10995 | Lair:3   | Found a staircase to the Shoals.
 10996 | Lair:3   | 10996 ||| Stepping ~*~*~tactically~*~*~ (stealth).
 11048 | Lair:3   | 11048 ||| INVOKING Heroism.
 11116 | Lair:3   | Found a gate leading to a gauntlet.
 11117 | Lair:3   | 11117 ||| READING 2 scrolls of identify.
 11117 | Lair:3   | 11117 ||| IDENTIFYING fizzy clear potion
 11126 | Gauntlet | Entered a Gauntlet
 11126 | Gauntlet | Found a transporter.
 11126 | Gauntlet | Found a transporter.
 11127 | Gauntlet | Found a transporter.
 11132 | Gauntlet | 11132 ||| INVOKING Heroism.
 11183 | Gauntlet | Found a transporter.
 11183 | Gauntlet | Found a transporter.
 11187 | Gauntlet | Noticed a balrug
 11193 | Gauntlet | Found a transporter.
 11197 | Gauntlet | Found a transporter.
 11199 | Gauntlet | Found a large runed translucent door.
 11200 | Gauntlet | Found a large runed translucent door.
 11201 | Gauntlet | Found a large runed translucent door.
 11201 | Gauntlet | Found a large runed translucent door.
 11201 | Gauntlet | Found a runed translucent door.
 11201 | Gauntlet | Found a runed translucent door.
 11202 | Gauntlet | Found a large runed translucent door.
 11202 | Gauntlet | Found a large runed translucent door.
 11202 | Gauntlet | Found a large runed translucent door.
 11202 | Gauntlet | Found a large runed translucent door.
 11203 | Gauntlet | Found a large runed translucent door.
 11203 | Gauntlet | Found a large runed translucent door.
 11204 | Gauntlet | Found a large runed translucent door.
 11204 | Gauntlet | Found a large runed translucent door.
 11205 | Gauntlet | Found a runed translucent gate.
 11205 | Gauntlet | Found a runed translucent gate.
 11205 | Gauntlet | Found a runed translucent gate.
 11207 | Gauntlet | Found a transporter.
 11218 | Gauntlet | Found a large runed translucent door.
 11219 | Gauntlet | Found a large runed translucent door.
 11228 | Gauntlet | Found a large runed translucent door.
 11228 | Gauntlet | Found a large runed translucent door.
 11296 | Gauntlet | Found a transporter.
 11310 | Gauntlet | Found a transporter.
 11314 | Gauntlet | Found a transporter.
 11324 | Gauntlet | Found a transporter.
 11390 | Gauntlet | 11390 ||| INVOKING Heroism.
 11454 | Gauntlet | 11454 ||| DROPPING +2 chain mail of willpower.
 11463 | Gauntlet | 11463 ||| INVOKING Heroism.
 11469 | Gauntlet | HP: 18/82 [balrug/+2 demon whip of venom (7)]
 11469 | Gauntlet | Slain by a balrug

Levels and vault maps discovered:
D:1:      ebering_trefoil_twist, layout_loops_ring, minmay_close_crescents
D:2:      layout_rooms, dreamdust_ecumenical_altar_angels_and_demons
D:3:      minmay_roachtagon, layout_rooms, grunt_temple_overflow_open,
          nicolae_overflow_hidden_temple, vehumet_altar_wand_db, uniq_sigmund
D:4:      layout_gridville, mainiacjoe_overflow_boulevard, serial_shops, shop
D:5:      layout_rooms, grunt_temple_overflow_champion_of_chaos,
          elyvilon_altar_3
D:6:      layout_rooms, minmay_temple_entry_trees, uniq_menkaure
D:7:      layout_rooms, nicolae_hepliaklqana_hazy_memory,
          gup_ossuary_entry_pyramid, grunt_tough_drop, uniq_maggie
D:8:      layout_rooms, general_overflow_altar, uniq_psyche
D:9:      layout_stronghold, bloody_trog
D:10:     cheibrodos_helix_gallery, layout_basic, mainiacjoe_overflow_alcove_2,
          uniq_nergalle
Temple:   hellmonk_temple_forest_ring
Lair:1:   layout_gridlike
Lair:2:   layout_gridlike, nicolae_spider_entry_tight_spaces
Lair:3:   layout_misc_corridors, nicolae_shoals_entry_roost,
          gauntlet_entry_generic
Lair:4:   layout_concentric_octagons
Gauntlet: gammafunk_gauntlet_hard_choice [nicolae_gauntlet_arena_quarters,
          gammafunk_gauntlet_arena_spirals, nicolae_gauntlet_arena_t_cross,
          gammafunk_gauntlet_arena_grid,
          minmay_gauntlet_arena_make_your_own_arena,
          gammafunk_gauntlet_arena_corners, gauntlet_exit_hidden_loot]

Skill      XL: |  1  2  3  4  5  6  7  8  9 10 11 12 13 |
---------------+----------------------------------------+-----
Axes           | 3 4 5 7 8 10 11 13 | 13.9
Armour         | 1 2 3 5 6 7 8 |  8.3
Fighting       | 4 6 7 8 9 10 | 10.0
Shields        | 3 4 9 10 11 | 11.0
Throwing       | 1 |  1.2
Dodging        | 1 |  1.0
Invocations    | 3 4 6 |  6.9
Spellcasting   | |  1.0
Fire Magic     | |  3.0

Action                     |  1- 3 |  4- 6 |  7- 9 | 10-12 | 13-15 || total
---------------------------+-------+-------+-------+-------+-------++-------
  Melee: Hand axe          |    73 |       |       |     9 |       ||    82
         Punch             |     1 |       |       |       |       ||     1
         War axe           |    52 |   107 |   318 |   666 |   137 ||  1280
  Throw: Boomerang         |       |       |    70 |    46 |       ||   116
 Invoke: Fiery Armour      |       |     2 |     5 |     6 |       ||    13
         Heroism           |       |       |       |    13 |     5 ||    18
    Use: Scroll            |     9 |     3 |    10 |     9 |     2 ||    33
         Potion            |     4 |     3 |     2 |     4 |       ||    13
 Armour: Robe              |    19 |       |       |       |       ||    19
         Scale mail        |    17 |    78 |    53 |       |       ||   148
         Leather armour    |    11 |       |       |       |       ||    11
         Chain mail        |       |       |   113 |       |       ||   113
         Plate armour      |       |       |    55 |   489 |   155 ||   699
  Dodge: Dodged            |    74 |    62 |   109 |   204 |    43 ||   492
  Block: Buckler           |       |     4 |    58 |     5 |       ||    67
         Kite shield       |       |       |       |   349 |    80 ||   429

Table legend:
 A = Non-vault XP
 B = Vault XP
 C = Vault XP percentage of total XP
 D = Non-vault monster count
 E = Vault monster count
 F = Vault count percentage of total count
                 A         B        C        D         E       F
            +---------+---------+-------+---------+---------+-------
      Total |   32394 |    7104 |  18.0 |     255 |      42 |  14.1
            +---------+---------+-------+---------+---------+-------
        D:1 |      38 |       8 |  17.4 |      23 |       4 |  14.8
        D:2 |      27 |       0 |   0.0 |       9 |       0 |   0.0
        D:3 |      37 |     252 |  87.2 |       8 |      14 |  63.6
        D:4 |      92 |       0 |   0.0 |      15 |       0 |   0.0
        D:5 |     524 |      48 |   8.4 |      16 |       1 |   5.9
        D:6 |     766 |     175 |  18.6 |      24 |       1 |   4.0
        D:7 |     912 |     904 |  49.8 |      16 |       7 |  30.4
        D:8 |    1322 |     353 |  21.1 |      18 |       1 |   5.3
        D:9 |    3505 |       0 |   0.0 |      43 |       0 |   0.0
       D:10 |    1738 |     972 |  35.9 |      10 |       3 |  23.1
     Lair:1 |    5445 |       0 |   0.0 |      15 |       0 |   0.0
     Lair:2 |    9481 |    1423 |  13.1 |      36 |       7 |  16.3
     Lair:3 |    3970 |    1376 |  25.7 |      12 |       2 |  14.3
     Lair:4 |    4537 |       0 |   0.0 |      10 |       0 |   0.0
   Gauntlet |       0 |    1593 | 100.0 |       0 |       2 | 100.0
            +---------+---------+-------+---------+---------+-------
